Map: Kairos Junction LE

Players

uThermal - Winner!

  • Race: Terran Terran
  • Spawn Location: 11:00

Probe

  • Race: Protoss Protoss
  • Spawn Location: 5:00

Event: 2019 WCS Summer

VOD

Have the link to the VOD?

Description

Time

  • Played on: July 12, 2019, 2:21 p.m.
  • Length: 10:02

All games in this series

Show
View Real Time Build Order
Export as new Build Order

uThermal Terran - Winner!

Build Orders: Banshee Rush 

Get SALT Encoding   

  12  0:01  SCV  
  13  0:13  SCV  
  14  0:17  Supply Depot  
  14  0:25  SCV  
  14  0:28  Refinery  
  15  0:38  SCV  
  16  0:44  Barracks  
  16  0:50  SCV  
  17  1:03  SCV  
  18  1:15  SCV  
  19  1:31  Orbital Command, Barracks Reactor  
  19  1:41  Command Center  
  19  1:49  Supply Depot  
  19  1:57  SCV  
  20  2:06  Marine x2  
  22  2:09  SCV  
  22  2:13  Factory  
  23  2:21  SCV  
  24  2:24  Marine x2  
  26  2:33  SCV  
  27  2:42  Marine x2  
  29  2:45  SCV  
  29  2:50  Refinery  
  30  2:53  Orbital Command  
  30  2:57  SCV  
  31  3:03  Starport  
  31  3:05  Hellion x2  
  35  3:09  SCV  
  36  3:13  Barracks Tech Lab  
  36  3:19  SCV  
  37  3:21  SCV  
  38  3:28  Supply Depot  
  38  3:33  SCV  
  38  3:34  SCV  
  40  3:36  Factory Tech Lab  
  39  3:41  Marine x2  
  39  3:45  SCV  
  39  3:46  SCV  
  43  3:54  Bunker  
  40  3:57  SCV, Cloaking Field  
  40  3:58  Banshee  
  40  3:59  Marine x2, SCV  
  40  4:00  Siege Tank  
  49  4:09  SCV, Supply Depot  
  45  4:11  SCV  
  45  4:17  Marine x2  
  46  4:21  SCV  
  46  4:23  SCV  
  50  4:29  Barracks x2  
  50  4:32  Siege Tank  
  50  4:34  Marine x2, SCV  
  50  4:35  SCV  
  57  4:43  Supply Depot  
  57  4:44  Banshee  
  59  4:46  SCV  
  59  4:52  Engineering Bay  
  60  4:54  Marine, Refinery  
  60  4:55  Marine  
  60  4:58  SCV  
  62  5:04  SCV  
  62  5:06  Supply Depot  
  63  5:10  SCV  
  63  5:11  Factory Reactor  
  63  5:13  Marine x2  
  66  5:17  SCV  
  68  5:22  SCV  
  68  5:27  Marine  
  70  5:29  SCV  
  70  5:31  Marine x2  
  70  5:34  SCV  
  70  5:35  Supply Depot  
  73  5:36  Refinery  
  73  5:37  Starport Reactor, Missile Turret  
  73  5:39  Marine  
  73  5:41  SCV  
  72  5:43  Terran Infantry Weapons Level 1  
  72  5:51  Marine  
  72  5:53  Marine  
  72  5:55  Widow Mine, Missile Turret  
  76  5:58  Marine x2  
  76  6:02  Widow Mine  
  80  6:07  Supply Depot  
  80  6:09  Marine  
  80  6:10  Marine  
  82  6:13  Medivac x2  
  86  6:23  Supply Depot  
  86  6:24  Supply Depot  
  86  6:28  Supply Depot  
  86  6:29  Marine x3, Widow Mine  
  86  6:31  Stimpack  
  92  6:38  Barracks Tech Lab, Command Center  
  88  6:41  Widow Mine  
  88  6:43  Medivac x2  
  88  6:46  Marine x3  
  95  6:47  Supply Depot x2  
  95  6:51  Widow Mine  
  96  6:57  Combat Shield  
  96  6:58  Marauder  
  98  7:02  Widow Mine, Supply Depot  
  98  7:04  Marine x2  
  102  7:12  Widow Mine  
  102  7:13  Medivac x2  
  108  7:16  Marine  
  108  7:20  Marauder  
  111  7:24  Barracks  
  111  7:25  Marine x2, Widow Mine  
  111  7:26  Barracks  
  115  7:34  Marine  
  116  7:39  Terran Infantry Armor Level 1  
  116  7:41  Marauder  
  116  7:43  Medivac  
  120  7:46  Medivac  
  120  7:51  Orbital Command  
  120  7:53  Marine  
  120  7:54  Starport  
  120  7:55  Marine  
  122  8:01  Marine  
  122  8:03  Marauder  
  125  8:09  Widow Mine  
  125  8:11  Marine  
  126  8:13  Marine  
  126  8:14  Barracks Reactor, Barracks Tech Lab  
  126  8:15  Viking  
  126  8:16  Concussive Shells  
  126  8:19  Marine, SCV  
  128  8:23  Marine  
  128  8:29  Marine  
  128  8:31  Factory Tech Lab  
  129  8:38  Marine, SCV  
  129  8:39  Marauder  
  133  8:43  Marine  
  133  8:44  Marauder  
  133  8:47  Marine  
  137  8:50  SCV  
  137  8:51  Liberator  
  137  8:53  Marine x2  
  140  9:00  Marauder  
  140  9:02  Marauder  
  140  9:05  Marine, Marauder  
  143  9:19  Marine  
  143  9:22  Marauder  
  143  9:23  Marauder  
  151  9:24  Siege Tank, Supply Depot  
Show
View Real Time Build Order
Export as new Build Order

Probe Protoss 

Build Orders: 1 Gate Expand, Blink Stalkers 

Get SALT Encoding   

  12  0:00  Probe  
  13  0:13  Probe  
  14  0:17  Pylon  
  14  0:24  Probe  
  15  0:32  Probe  
  15  0:36  Gateway  
  15  0:40  Probe  
  16  0:46  Assimilator  
  17  0:51  Probe  
  18  1:03  Probe  
  19  1:15  Probe  
  20  1:21  Nexus  
  20  1:32  Cybernetics Core  
  20  1:34  Probe  
  21  1:42  Assimilator  
  21  1:46  Probe  
  22  1:51  Pylon  
  22  1:58  Probe  
  22  1:59  Adept  
  23  2:06  Probe  
  23  2:09  Warp Gate  
  23  2:14  Probe  
  26  2:16  Twilight Council  
  27  2:27  Probe  
  27  2:29  Stalker  
  29  2:33  Probe  
  29  2:36  Probe  
  32  2:45  Probe x2  
  34  2:53  Blink  
  34  2:57  Probe x2  
  36  3:04  Gateway  
  36  3:06  Probe  
  36  3:10  Probe  
  38  3:13  Stalker  
  38  3:14  Probe  
  41  3:22  Probe  
  41  3:23  Probe, Pylon  
  43  3:32  Robotics Facility  
  43  3:34  Probe  
  44  3:39  Probe  
  43  3:46  Probe  
  44  3:54  Probe  
  34  3:58  Probe  
  34  3:59  Stalker x2  
  33  4:06  Probe x2  
  31  4:14  Probe  
  31  4:16  Probe  
  32  4:22  Observer, Stalker x2  
  39  4:24  Probe  
  39  4:25  Probe  
  41  4:33  Probe  
  41  4:35  Probe  
  43  4:43  Probe  
  43  4:45  Probe  
  44  4:47  Stalker  
  44  4:48  Stalker  
  44  4:51  Probe  
  49  4:57  Probe  
  51  5:03  Probe, Pylon  
  52  5:09  Probe  
  52  5:11  Robotics Bay  
  53  5:15  Probe  
  53  5:19  Pylon  
  53  5:20  Observer  
  53  5:21  Observer, Probe  
  54  5:26  Stalker  
  54  5:27  Probe  
  55  5:35  Probe  
  52  5:39  Probe  
  51  5:44  Stalker  
  51  5:47  Probe x2  
  54  5:53  Stalker  
  54  5:55  Probe  
  54  5:56  Observer  
  57  5:57  Shield Battery  
  57  5:59  Probe  
  59  6:05  Probe  
  59  6:06  Observer  
  59  6:08  Stalker  
  62  6:11  Probe  
  62  6:17  Observer, Probe  
  64  6:21  Disruptor  
  64  6:23  Probe  
  68  6:30  Probe  
  69  6:35  Probe  
  70  6:42  Pylon x4  
  70  6:44  Assimilator  
  70  6:45  Assimilator  
  70  6:46  Shield Battery  
  70  6:50  Disruptor  
  70  6:56  Nexus  
  70  6:59  Pylon  
  70  7:00  Probe x2  
  75  7:07  Gateway  
  74  7:15  Gateway  
  74  7:16  Disruptor, Probe x2  
  76  7:24  Sentry  
  76  7:28  Probe x2  
  83  7:30  Gateway  
  83  7:40  Probe  
  83  7:41  Probe  
  85  7:52  Disruptor, Pylon  
  85  7:53  Stalker x2, Probe  
  91  8:10  Stalker x2  
  92  8:12  Probe  
  92  8:13  Probe x2  
  94  8:25  Probe  
  95  8:30  Disruptor, Probe  
  95  8:33  Stalker x4  
  106  8:51  Forge  
  106  8:53  Gateway  
  106  9:06  Disruptor  
  106  9:07  Probe x2  
  111  9:19  Zealot x5  
  111  9:20  Probe x2  
  106  9:36  Probe x2  
  95  9:40  Stalker x5  
  95  9:45  Probe  
  91  9:48  Probe  
  91  9:49  Probe  
Tags
 
Add a new tag
Caveats
  • Supply blocks, unpowered buildings, or Contaminate may cause inaccurate times.
  • Supply counts are checked every 10 seconds.